[Event "FIDE World Cup 2013"]
[Site "TromsÃ¸"]
[Date "2013.08.13"]
[Round "1.3"]
[White "Tomashevsky, Evgeny"]
[Black "Ramirez, Alejandro"]
[Result "1/2-1/2"]
[ECO "D15"]
[WhiteElo "2709"]
[BlackElo "2583"]
[PlyCount "97"]
[EventDate "2013.??.??"]
[EventCountry "NOR"]
[TimeControl "1500+10"]

1. d4 d5 2. c4 c6 3. Nf3 Nf6 4. Nc3 a6 5. e3 Bf5 6. Qb3 b5 7. c5 a5 8. Ne5 a4 9. Qd1 g6 10. g4 Be6 11. h3 Bg7 12. Bg2 Qc8 13. Bd2 h5 14. f3 Nbd7 15.
Nd3 hxg4 16. hxg4 Rxh1+ 17. Bxh1 Qc7 18. Qe2 O-O-O 19. O-O-O Rh8 20. Bg2 Rh2 21. Rh1 Rxh1+ 22. Bxh1 Qg3 23. Bg2 Qh2 24. Nb4 Nb8 25. Bf1 Qxe2 26. Nxe2 Bd7 27. Be1 Ne8 28. Bg3 Nc7 29. Kd2 Nca6 30.
Nd3 Be8 31. g5 Bd7 32. a3 Nc7 33. Be5 Bf8 34. Ndf4 Ne6 35. Nxe6 Bxe6 36. e4 dxe4 37. fxe4 Nd7 38. Bg3 Bc4 39. Bh3 Kd8 40. Ng1 Bg7 41. e5 e6 42. Nf3 Bf8 43. Bf4 Be7 44. Nh2 Ke8 45. Ng4 Bd8 46. Nf6+ Nxf6 47. exf6 Ba5+ 48. Kc2 Kd7 49. Bg4 1/2-1/2

[Event "FIDE World Cup 2013"]
[Site "TromsÃ¸"]
[Date "2013.08.13"]
[Round "1.3"]
[White "Wan, Yunguo"]
[Black "Adams, Michael"]
[Result "1/2-1/2"]
[ECO "C45"]
[WhiteElo "2509"]
[BlackElo "2740"]
[PlyCount "95"]
[EventDate "2013.??.??"]
[EventCountry "NOR"]
[TimeControl "1500+10"]

1. e4 e5 2. Nf3 Nc6 3. d4 exd4 4. Nxd4 Nf6 5. Nxc6 bxc6 6. e5 Qe7 7. Qe2 Nd5 8. c4 Nb6 9. Nc3 Qe6 10. Qe4 g6 11. f4 Bb4 12. Bd2 O-O 13.
O-O-O Rb8 14. b3 d5 15. cxd5 Ba3+ 16. Kb1 cxd5 17. Qc2 Bd7 18.
Nb5 Bxb5 19. Bxb5 c5 20. f5 Qxe5 21. Rhf1 c4 22. Bf4 Qe7 23. Bxb8 Rxb8 24. fxg6 hxg6 25. Rde1 Qf8 26. Re6 Qg7 27. Re8+ Rxe8 28. Bxe8 f5 29. g4 d4 30. bxc4 Qb7 31. Qb3 Qe4+ 32. Ka1 Bc5 33. Bxg6 Qe2 34. Qf3 d3 35.
Qxe2 dxe2 36. Re1 Na4 37. Rxe2 Bd4+ 38. Kb1 Nc3+ 39. Kc2 Nxe2 40. Kd3 fxg4 41. Kxe2 Bg1 42. Bf5 Kf8 43. Bxg4 Bxh2 44. c5 Ke7 45. Kd3 Kd8 46. Kc4 Kc7 47. Kb5 Bg1 48. Bf3 1/2-1/2

[Event "FIDE World Cup 2013"]
[Site "TromsÃ¸"]
[Date "2013.08.13"]
[Round "1.3"]
[White "Yu, Yangyi"]
[Black "Beliavsky, Alexander G"]
[Result "1-0"]
[ECO "C45"]
[WhiteElo "2657"]
[BlackElo "2651"]
[PlyCount "89"]
[EventDate "2013.??.??"]
[EventCountry "NOR"]
[TimeControl "1500+10"]

1. e4 e5 2. Nf3 Nc6 3. d4 exd4 4. Nxd4 Bc5 5. Nb3 Bb6 6. Nc3 Nf6 7. Bg5 d6 8. Qd2 h6 9. Be3 Be6 10. O-O-O Qd7 11. f3 O-O-O 12. Bb5 a6 13. Ba4 Bxb3 14. Bxb3 Bxe3 15. Qxe3 Rhe8 16. Rd2 Kb8 17. Ba4 g5 18.
h4 Re5 19. hxg5 hxg5 20. Rh6 Ng8 21. Rh7 Nf6 22. Rh6 Ng8 23. Rh5 f6 24. Nd5 b5 25. Bb3 Na5 26. g4 Nxb3+ 27. Qxb3 c6 28. Nb4 a5 29. Nd3 Ree8 30.
a4 Qb7 31. Rdh2 bxa4 32. Qxa4 Qb6 33. Kb1 d5 34. Re2 Qb5 35.
Qxb5+ cxb5 36. e5 Re7 37. f4 gxf4 38. Nxf4 Kb7 39. e6 Kc6 40.
Rd2 d4 41. c3 Rg7 42. cxd4 Rxg4 43. Rc2+ Kb7 44. Rh7+ Kb6 45.
Rd7 1-0

[Event "FIDE World Cup 2013"]
[Site "TromsÃ¸"]
[Date "2013.08.13"]
[Round "1.3"]
[White "Zvjaginsev, Vadim"]
[Black "Swiercz, Dariusz"]
[Result "1-0"]
[ECO "A22"]
[WhiteElo "2659"]
[BlackElo "2650"]
[PlyCount "105"]
[EventDate "2013.??.??"]
[EventCountry "NOR"]
[TimeControl "1500+10"]

1. c4 Nf6 2. Nc3 e5 3. g3 c6 4. Nf3 e4 5. Nd4 Qb6 6. e3 d5 7. Qb3 Bc5 8. Na4 Qxb3 9. axb3 Nbd7 10. Nxc5 Nxc5 11. b4 Ne6 12. Nxe6 Bxe6 13. b3 Nd7 14. Bb2 f6 15. d3 exd3 16. Bxd3 Ne5 17. Be2 dxc4 18. Bxe5 fxe5 19. bxc4 Ke7 20. Ra5 Kf6 21. f4 exf4 22. O-O f3 23. Rxf3+ Ke7 24. Rf4 Rhf8 25. Rxf8 Kxf8 26. b5 Ke7 27. bxc6 bxc6 28. Kf2 Kd6 29. e4 Kc7 30. c5 Kb7 31. Ba6+ Kc7 32. Bd3 Kb7 33. Ba6+ Kc7 34. Be2 Kb7 35. Ke3 Rd8 36. h4 h6 37. Ra1 Rd7 38. Ba6+ Kc7 39. Rb1 Kd8 40. Rb8+ Ke7 41. Rc8 Rd1 42. Rxc6 Ra1 43. Bc8 Ra3+ 44. Kf4 Bf7 45. Rc7+ Kf8 46. g4 Rc3 47. Ke5 a5 48. Be6 Be8 49. Kd6 a4 50.
Ra7 a3 51. Bd5 g5 52. hxg5 hxg5 53. c6 1-0

[Event "FIDE World Cup 2013"]
[Site "TromsÃ¸"]
[Date "2013.08.13"]
[Round "1.4"]
[White "Alekseev, Evgeny"]
[Black "Adhiban, B."]
[Result "1-0"]
[ECO "C72"]
[WhiteElo "2714"]
[BlackElo "2567"]
[PlyCount "101"]
[EventDate "2013.??.??"]
[EventCountry "NOR"]
[TimeControl "1500+10"]

1. e4 e5 2. Nf3 Nc6 3. Bb5 a6 4. Ba4 d6 5. O-O Bd7 6. c3 g6 7. d4 Bg7 8.
Be3 Nf6 9. Nbd2 b5 10. Bc2 O-O 11. h3 Re8 12. Re1 Qc8 13. Rc1 Qb7 14. Bb1 Rad8 15. Bg5 h6 16. Bh4 Qb6 17. Nf1 Ne7 18. Qc2 Nh5 19. Rcd1 Nf4 20. Bg3 c5 21. Qd2 cxd4 22. cxd4 Nh5 23. Bh4 Be6 24. Ng3 Nxg3 25. Bxg3 Bc8 26. Bh4 exd4 27. Nh2 Qc5 28. f4 Qh5 29. Bf2 Nc6 30.
Rc1 Bb7 31. Bd3 b4 32. e5 Nxe5 33. fxe5 Bxe5 34. Be2 Qg5 35. Qxg5 hxg5 36. Nf3 Bf4 37. Rcd1 Rc8 38. Nxd4 a5 39. b3 Be4 40. Ba6 Rc3 41. Bb7 f5 42. Nb5 Rc2 43. Nxd6 Bxd6 44. Rxd6 Kh7 45. Rd7+ Kh6 46. Bxe4 fxe4 47. Be3 Re5 48. g4 Rxa2 49. h4 Rb2 50. hxg5+ Rxg5 51. Rd5 1-0

[Event "FIDE World Cup 2013"]
[Site "TromsÃ¸"]
[Date "2013.08.13"]
[Round "1.4"]
[White "Andreikin, Dmitry"]
[Black "Darini, Pouria"]
[Result "1/2-1/2"]
[ECO "A05"]
[WhiteElo "2727"]
[BlackElo "2548"]
[PlyCount "76"]
[EventDate "2013.??.??"]
[EventCountry "NOR"]
[TimeControl "1500+10"]

1. Nf3 Nf6 2. c4 g6 3. Nc3 Bg7 4. e4 d6 5. d4 O-O 6. h3 Na6 7. Be3 e5 8.
dxe5 dxe5 9. Qxd8 Rxd8 10. a3 c6 11. Rd1 Re8 12. Be2 Nc7 13.
O-O Nh5 14. Rfe1 Nf4 15. Bf1 h6 16. c5 Be6 17. Nd2 Red8 18. Nc4 Bxc4 19. Bxc4 Nce6 20. Rxd8+ Rxd8 21. Rd1 Nd4 22. Kf1 Re8 23. Ne2 Nfxe2 24. Bxe2 a5 25. Bc4 a4 26. Rd3 g5 27. g3 Ra8 28. f4 Nc2 29. fxg5 Nxe3+ 30. Rxe3 Ra5 31. g6 Rxc5 32. Bxf7+ Kf8 33. b3 Rc1+ 34. Re1 Rxe1+ 35. Kxe1 axb3 36. Kd2 Ke7 37. Kc3 Kd6 38. Bxb3 Kc5 1/2-1/2

[Event "FIDE World Cup 2013"]
[Site "TromsÃ¸"]
[Date "2013.08.13"]
[Round "1.4"]
[White "Azarov, Sergei"]
[Black "Dreev, Aleksey"]
[Result "1/2-1/2"]
[ECO "B12"]
[WhiteElo "2636"]
[BlackElo "2668"]
[PlyCount "88"]
[EventDate "2013.??.??"]
[EventCountry "NOR"]
[TimeControl "1500+10"]

1. e4 c6 2. d4 d5 3. f3 e6 4. Nc3 Bb4 5. a3 Bxc3+ 6. bxc3 dxe4 7. Nh3 Nf6 8.
fxe4 e5 9. Nf2 O-O 10. Be2 Re8 11. O-O Be6 12. dxe5 Qxd1 13. Rxd1 Nfd7 14. Bf4 Nf8 15. Rab1 b6 16. Rd6 Ng6 17. Bg3 Nd7 18. Nd3 c5 19. Rd1 c4 20.
Nf4 Nxf4 21. Bxf4 Nc5 22. R1d4 Rac8 23. Bxc4 Bxc4 24. Rxc4 Ne6 25. Rxc8 Rxc8 26. Bd2 Rc4 27. Rd7 Ra4 28. Bc1 Rxe4 29. Kf2 Ra4 30. Re7 h5 31. Ke2 g5 32. h3 Kg7 33. Kd3 b5 34. Ke2 Kg6 35.
Rb7 a6 36. Ra7 h4 37. Kf3 Rc4 38. Bd2 Ra4 39. Bc1 Rc4 40. Bb2 Rf4+ 41. Ke3 Ra4 42. Kf3 Rf4+ 43. Ke3 Ra4 44. Kf3 Rf4+ 1/2-1/2

[Event "FIDE World Cup 2013"]
[Site "TromsÃ¸"]
[Date "2013.08.13"]
[Round "1.4"]
[White "Beliavsky, Alexander G"]
[Black "Yu, Yangyi"]
[Result "0-1"]
[ECO "D31"]
[WhiteElo "2651"]
[BlackElo "2657"]
[PlyCount "38"]
[EventDate "2013.??.??"]
[EventCountry "NOR"]
[TimeControl "1500+10"]

1. d4 d5 2. c4 e6 3. Nc3 Bb4 4. a3 Bxc3+ 5. bxc3 c5 6. e3 Ne7 7. Bd3 dxc4 8. Bxc4 Qc7 9. Qe2 O-O 10.
Bb2 Nbc6 11. Nf3 e5 12. Rd1 Bg4 13. d5 e4 14. dxc6 exf3 15. gxf3 Qxc6 16. e4 Be6 17. Bb5 Qc7 18. c4 a6 19. Ba4 Qa5+ 0-1

[Event "FIDE World Cup 2013"]
[Site "TromsÃ¸"]
[Date "2013.08.13"]
[Round "1.4"]
[White "Bruzon Batista, Lazaro"]
[Black "Najer, Evgeniy"]
[Result "1-0"]
[ECO "B47"]
[WhiteElo "2691"]
[BlackElo "2628"]
[PlyCount "69"]
[EventDate "2013.??.??"]
[EventCountry "NOR"]
[TimeControl "1500+10"]

1. e4 c5 2. Nf3 e6 3. d4 cxd4 4. Nxd4 Nc6 5. Nc3 Qc7 6. g3 a6 7. Bg2 h5 8. h3 Nge7 9. Nb3 h4 10. g4 Ng6 11. Ne2 b6 12. O-O Bb7 13. f4 Na5 14. Nxa5 Bc5+ 15. Kh1 bxa5 16. Qd3 Qb6 17. Bd2 O-O 18. c4 f5 19. gxf5 exf5 20.
Nc3 Kh8 21. Nd5 Bxd5 22. cxd5 d6 23. Rae1 Ra7 24. exf5 Ne7 25. f6 Rxf6 26. Bc3 Rf8 27. f5 Ng8 28. f6 gxf6 29. Re6 Qd8 30. Rf4 Rh7 31. Be4 Rh6 32. Rg4 Bb4 33. Bd4 Be1 34. Qe3 Bg3 35.
Rxg8+ 1-0

[Event "FIDE World Cup 2013"]
[Site "TromsÃ¸"]
[Date "2013.08.13"]
[Round "1.4"]
[White "Durarbayli, Vasif"]
[Black "Korobov, Anton"]
[Result "0-1"]
[ECO "B92"]
[WhiteElo "2549"]
[BlackElo "2720"]
[PlyCount "70"]
[EventDate "2013.??.??"]
[EventCountry "NOR"]
[TimeControl "1500+10"]

1. e4 c5 2. Nf3 d6 3. d4 cxd4 4. Nxd4 Nf6 5. Nc3 a6 6. Be2 e5 7. Nb3 Be7 8. O-O O-O 9. Re1 Be6 10. Bf3 Nbd7 11. a4 Nb6 12.
Nd5 Nfxd5 13. exd5 Bd7 14. a5 Nc4 15. Re4 Rc8 16. Be2 Bb5 17.
Bf1 f5 18. Re1 b6 19. axb6 Qxb6 20. c3 Bh4 21. Qc2 f4 22. Bd3 g6 23. Rf1 Ne3 24. Bxe3 fxe3 25. c4 e4 26. Be2 exf2+ 27. Kh1 e3 28. Qe4 Bd7 29. Nd4 Bf6 30. Ne6 Rce8 31. Ra3 Bg5 32. Qg4 Qxb2 33. Rxa6 Rf4 34. Qxg5 Qxe2 35. Raa1 Qxf1+ 0-1

[Event "FIDE World Cup 2013"]
[Site "TromsÃ¸"]
[Date "2013.08.13"]
[Round "1.4"]
[White "Hracek, Zbynek"]
[Black "Bologan, Viktor"]
[Result "1/2-1/2"]
[ECO "A81"]
[WhiteElo "2635"]
[BlackElo "2672"]
[PlyCount "110"]
[EventDate "2013.??.??"]
[EventCountry "NOR"]
[TimeControl "1500+10"]

1. d4 f5 2. g3 Nf6 3. Bg2 g6 4. Nf3 Bg7 5. O-O O-O 6. b3 d6 7. Bb2 Qe8 8.
Nbd2 Nc6 9. Re1 Ne4 10. c4 Qf7 11. Qc2 Nxd2 12. Qxd2 e5 13. dxe5 dxe5 14. Ng5 Qe7 15. Bd5+ Kh8 16. Bxc6 bxc6 17. f4 e4 18. Red1 h6 19. Nh3 a5 20. Bxg7+ Qxg7 21. Qd4 Qxd4+ 22. Rxd4 Be6 23. Nf2 a4 24. Rb1 axb3 25. axb3 Ra2 26. Kf1 Rb8 27. Ke1 Rc2 28. Rdd1 Rc3 29. Rdc1 Rxc1+ 30. Rxc1 Rxb3 31. Nd1 g5 32. Kf2 gxf4 33. gxf4 Rh3 34. Kg2 Ra3 35. Kf2 Kg7 36. Ne3 Kf6 37. Rb1 Ra4 38. Rb8 Bxc4 39. Rf8+ Kg7 40. Rxf5 Bb5 41. Re5 Kf6 42. Ng4+ Kg7 43. f5 h5 44. Ne3 Ra2 45.
Rxe4 Rxe2+ 46. Kf3 Rxh2 47. Re7+ Kf6 48. Rxc7 Rh3+ 49. Kf4 Rh4+ 50. Kf3 Ra4 51. Rh7 h4 52. Rh6+ Kg7 53. Rg6+ Kf7 54. Ng4 h3 55.
Ne5+ Kf8 1/2-1/2

[Event "FIDE World Cup 2013"]
[Site "TromsÃ¸"]
[Date "2013.08.13"]
[Round "1.4"]
[White "Inarkiev, Ernesto"]
[Black "Leitao, Rafael"]
[Result "1-0"]
[ECO "B19"]
[WhiteElo "2680"]
[BlackElo "2632"]
[PlyCount "47"]
[EventDate "2013.??.??"]
[EventCountry "NOR"]
[TimeControl "1500+10"]

1. e4 c6 2. d4 d5 3. Nc3 dxe4 4. Nxe4 Bf5 5. Ng3 Bg6 6. h4 h6 7. Nf3 Nd7 8.
h5 Bh7 9. Bd3 Bxd3 10. Qxd3 e6 11. Bd2 Ngf6 12. O-O-O Qc7 13. Ne4 O-O-O 14. g3 Be7 15. Kb1 c5 16. Nc3 a6 17. Qe2 cxd4 18. Bf4 Bd6 19. Bxd6 Qxd6 20. Rxd4 Qe7 21. Rhd1 Nb6 22. Ne5 Rxd4 23. Rxd4 Rd8 24. Nc6 1-0

[Event "FIDE World Cup 2013"]
[Site "TromsÃ¸"]
[Date "2013.08.13"]
[Round "1.4"]
[White "Jones, Gawain C B"]
[Black "Shimanov, Aleksandr"]
[Result "1/2-1/2"]
[ECO "C07"]
[WhiteElo "2643"]
[BlackElo "2664"]
[PlyCount "60"]
[EventDate "2013.??.??"]
[EventCountry "NOR"]
[TimeControl "1500+10"]

1. e4 e6 2. d4 d5 3. Nd2 c5 4. Ngf3 cxd4 5. exd5 Qxd5 6. Bc4 Qd7 7. O-O Nc6 8. Nb3 Nf6 9. Qe2 a6 10. Rd1 b5 11. Bd3 Bb7 12. Nbxd4 Be7 13. c3 Nxd4 14. Nxd4 O-O 15. Bf4 Qd5 16. f3 Qh5 17. Qe5 Qxe5 18.
Bxe5 Nd7 19. Bg3 Nb6 20. Ne2 Rac8 21. Bf2 Na4 22. Bc2 Bd5 23.
Bxa4 bxa4 24. Nf4 a3 25. Nxd5 exd5 26. bxa3 Rxc3 27. Rxd5 Rxa3 28.
Re1 Bb4 29. Re2 Rc8 30. h4 Ra5 1/2-1/2

[Event "FIDE World Cup 2013"]
[Site "TromsÃ¸"]
[Date "2013.08.13"]
[Round "1.4"]
[White "Kamsky, Gata"]
[Black "Lou, Yiping"]
[Result "1/2-1/2"]
[ECO "A48"]
[WhiteElo "2763"]
[BlackElo "2483"]
[PlyCount "176"]
[EventDate "2013.??.??"]
[EventCountry "NOR"]
[TimeControl "1500+10"]

1. d4 Nf6 2. Nf3 g6 3. Bg5 Bg7 4. Nbd2 d5 5. e3 O-O 6. Be2 c5 7. c3 Qb6 8.
Qb3 c4 9. Qa3 Nc6 10. b3 cxb3 11. axb3 Re8 12. b4 h6 13. Bh4 e5 14. b5 exd4 15. cxd4 Ne7 16. O-O Nf5 17. Bxf6 Bxf6 18. Bd3 Nd6 19. Rfb1 Be6 20. Nb3 Nc4 21. Qc1 Be7 22. Nbd2 Rac8 23. Qd1 Bf8 24. h3 Rc7 25. Qa4 Nxd2 26. Nxd2 Rc3 27. Rb3 Rec8 28. Rxc3 Rxc3 29. Bf1 Qc7 30. Nf3 Rc2 31. Ne1 Rc1 32. Nd3 Rxa1 33. Qxa1 b6 34. Nf4 Bd6 35. Nxe6 fxe6 36. h4 h5 37. Bd3 Kg7 38. Qb1 Qf7 39. Qc2 Be7 40. g3 Bf6 41. Qc6 Qe7 42. Qc2 Qf7 43. Qc8 Qe7 44. Qc6 Qf7 45.
Bf1 Qe7 46. Bh3 Kf7 47. Qc8 Bg7 48. Kh2 Bf6 49. Kg2 Bg7 50. g4 hxg4 51. Bxg4 Bf6 52. Kh3 e5 53. dxe5 Qxe5 54. Qd7+ Be7 55. Kg2 d4 56. exd4 Qe4+ 57. Kg3 Qd3+ 58. Bf3 Qa3 59. Kg4 Qd6 60. Qxd6 Bxd6 61. Be4 Bb4 62. f4 Kf6 63. d5 Bd6 64. f5 gxf5+ 65. Bxf5 Ke5 66. Be6 Bb4 67. Bf7 Bc5 68. Bg8 Bb4 69. Kg5 Be7+ 70. Kh5 Kf5 71. Bf7 Ke5 72. Be6 Kf4 73. d6 Bxd6 74.
Kg6 Ke5 75. Bh3 Bc5 76. h5 Bd4 77. h6 Kd6 78. Kf7 a5 79. bxa6 b5 80. h7 Kc7 81. Bf1 b4 82. Ke6 b3 83. Kd5 b2 84. Bd3 Bh8 85. Kc5 Bg7 86.
Be4 Kb8 87. Kb6 Bd4+ 88. Kb5 Ka7 1/2-1/2

[Event "FIDE World Cup 2013"]
[Site "TromsÃ¸"]
[Date "2013.08.13"]
[Round "1.4"]
[White "Khismatullin, Denis"]
[Black "Kobalia, Mikhail"]
[Result "1/2-1/2"]
[ECO "A11"]
[WhiteElo "2658"]
[BlackElo "2651"]
[PlyCount "79"]
[EventDate "2013.??.??"]
[EventCountry "NOR"]
[TimeControl "1500+10"]

1. c4 c6 2. Nf3 d5 3. e3 Nf6 4. Nc3 e6 5. b3 Bd6 6. Bb2 O-O 7. Be2 Re8 8.
O-O e5 9. cxd5 cxd5 10. Nb5 e4 11. Ne1 Be7 12. f4 exf3 13. Nxf3 Nc6 14. Rc1 Bg4 15. Ne5 Bxe2 16. Qxe2 Rc8 17. Nxc6 Rxc6 18. Rxc6 bxc6 19. Nd4 Qd7 20. Nf5 Bd8 21. Qf3 Qe6 22. Rc1 Ba5 23. Rc2 c5 24. Rxc5 Bxd2 25. Bd4 Bb4 26. Rb5 Bf8 27. Rb7 Ne4 28. h3 Rc8 29. Rxa7 g6 30.
Ng3 Rc1+ 31. Kh2 Bd6 32. Ra8+ Rc8 33. Rxc8+ Qxc8 34. Kg1 Bxg3 35.
Qd1 Qf5 36. Qc1 Bf2+ 37. Kh1 Ng3+ 38. Kh2 Nf1+ 39. Kh1 Ng3+ 40.
Kh2 1/2-1/2

[Event "FIDE World Cup 2013"]
[Site "TromsÃ¸"]
[Date "2013.08.13"]
[Round "1.4"]
[White "Kravtsiv, Martyn"]
[Black "Jobava, Baadur"]
[Result "0-1"]
[ECO "C41"]
[WhiteElo "2620"]
[BlackElo "2693"]
[PlyCount "78"]
[EventDate "2013.??.??"]
[EventCountry "NOR"]
[TimeControl "1500+10"]

1. e4 d6 2. d4 Nf6 3. Nc3 e5 4. Nf3 Nbd7 5. g3 c6 6. a4 Be7 7. Bg2 O-O 8.
O-O Re8 9. Re1 Bf8 10. b3 b6 11. a5 b5 12. d5 cxd5 13. exd5 a6 14. Nd2 Bb7 15.
Nf1 Rc8 16. Bd2 g6 17. Qe2 Bg7 18. Ne3 e4 19. Rad1 h5 20. h4 Nc5 21. Nb1 Nfd7 22. Na3 Ne5 23. b4 Nf3+ 24. Bxf3 exf3 25. Qxf3 Ne4 26. Nb1 Qf6 27. Qg2 Qb2 28. c3 Qa2 29. Qf3 Bxd5 30. Nxd5 Qxd5 31. Bh6 Qc6 32. Bxg7 Kxg7 33. Re3 d5 34. Red3 Re5 35. Qe3 Qf6 36. Qb6 Rc6 37. Qd4 Rc4 38. Qb6 Re6 39. Qa7 d4 0-1

[Event "FIDE World Cup 2013"]
[Site "TromsÃ¸"]
[Date "2013.08.13"]
[Round "1.4"]
[White "Li, Chao b"]
[Black "Postny, Evgeny"]
[Result "1/2-1/2"]
[ECO "E01"]
[WhiteElo "2686"]
[BlackElo "2631"]
[PlyCount "99"]
[EventDate "2013.??.??"]
[EventCountry "NOR"]
[TimeControl "1500+10"]

1. d4 Nf6 2. c4 e6 3. g3 d5 4. Bg2 Bb4+ 5. Bd2 Bd6 6. Nf3 O-O 7. Qc2 Nbd7 8.
O-O c6 9. Bg5 dxc4 10. Qxc4 e5 11. Nc3 Qe7 12. Ne4 exd4 13. Nxd6 Qxd6 14. Qxd4 Qxd4 15. Nxd4 h6 16. Bf4 Re8 17. Rfe1 Nc5 18. Bd6 Nfe4 19. Bxc5 Nxc5 20. Rac1 Ne6 21. Nf5 Nc7 22. Nd6 Rd8 23. Red1 Rb8 24. Nxc8 Rbxc8 25. e4 Kf8 26. f4 Ke7 27. Kf2 a5 28. Ke3 Na6 29. Bf3 f6 30. h4 Nb4 31. a3 Na6 32. Be2 Nc7 33. h5 Ne8 34. g4 Nd6 35.
Rd4 Ne8 36. Ra4 b6 37. b4 axb4 38. axb4 Rc7 39. Ra6 Rb8 40. e5 fxe5 41. fxe5 c5 42. bxc5 bxc5 43. Bc4 Rd7 44. Ra5 Rd4 45. Rxc5 Rxg4 46. Rf1 Rg3+ 47. Ke4 Rg4+ 48. Ke3 Rg3+ 49. Ke4 Rg4+ 50. Ke3 1/2-1/2

[Event "FIDE World Cup 2013"]
[Site "TromsÃ¸"]
[Date "2013.08.13"]
[Round "1.4"]
[White "Melkumyan, Hrant"]
[Black "Granda Zuniga, Julio E"]
[Result "1-0"]
[ECO "E17"]
[WhiteElo "2632"]
[BlackElo "2679"]
[PlyCount "148"]
[EventDate "2013.??.??"]
[EventCountry "NOR"]
[TimeControl "1500+10"]

1. d4 Nf6 2. c4 e6 3. Nf3 b6 4. g3 Bb7 5. Bg2 Be7 6. O-O O-O 7. Re1 Qc8 8.
Bg5 h6 9. Bxf6 Bxf6 10. e4 d6 11. Nc3 Nd7 12. Qd2 Re8 13. Rad1 Be7 14. h4 a6 15. Bh3 c5 16. d5 e5 17. Nh2 Qd8 18. h5 Nf6 19. Qe2 b5 20.
Nf1 bxc4 21. Ne3 a5 22. Bf5 Ba6 23. Kh1 Qb6 24. Rg1 Rab8 25. Rd2 Rb7 26. f4 Bd8 27. Qf3 Qc7 28. Rf2 Qb8 29. Rgg2 a4 30. Nxa4 c3 31. Nxc3 Bd3 32. b3 Ba5 33. Na4 Rb4 34. Nb2 Bxe4 35. Bxe4 Nxe4 36. Rf1 exf4 37. gxf4 Qc8 38. Nbc4 Bd8 39. Rfg1 Bf6 40. Ng4 Bd4 41. Nge3 Kh8 42. Re1 Rb7 43. Nc2 f5 44. Rge2 Bf6 45. Qg2 Qd8 46.
N2e3 Nc3 47. Nxf5 Rxe2 48. Rxe2 Nxe2 49. Qxe2 Be7 50. Qe6 Bf8 51. Kg2 Ra7 52. a4 Qf6 53. Qxf6 gxf6 54. Kf3 Rb7 55. Na5 Rb4 56. Ne3 Kg8 57. Nc2 Rb8 58. Ke4 Kf7 59. Ne3 Be7 60. Nec4 Ke8 61. Kf5 Kd7 62. Nd2 Rg8 63. Nac4 Bd8 64. Ne4 Be7 65. Ncxd6 Rg2 66. Nc4 Rh2 67. d6 Bd8 68. Nxc5+ Kc6 69. Ne6 Kd7 70. Nxd8 Kxd8 71. Kg6 Kd7 72. f5 Rh3 73. a5 Rxb3 74. a6 Kc6 1-0

[Event "FIDE World Cup 2013"]
[Site "TromsÃ¸"]
[Date "2013.08.13"]
[Round "1.4"]
[White "Morozevich, Alexander"]
[Black "Sambuev, Bator"]
[Result "1/2-1/2"]
[ECO "B07"]
[WhiteElo "2736"]
[BlackElo "2530"]
[PlyCount "99"]
[EventDate "2013.??.??"]
[EventCountry "NOR"]
[TimeControl "1500+10"]

1. e4 d6 2. d4 Nf6 3. Nc3 e5 4. dxe5 dxe5 5. Qxd8+ Kxd8 6. Bc4 Ke8 7. Nf3 Bd6 8. Bg5 Nbd7 9. O-O-O a6 10. a4 h6 11. Bh4 g5 12. Bg3 Nh5 13. Nd5 f6 14. Rhe1 Nc5 15.
a5 Bg4 16. Re3 Rf8 17. b4 Nd7 18. h3 Bxf3 19. Rxf3 Nf4 20. Rc3 Rb8 21. Bxf4 exf4 22. Nxc7+ Bxc7 23. Be6 Be5 24. Rcd3 Bb2+ 25.
Kxb2 Ne5 26. Rc3 Ke7 27. Bd5 Rfd8 28. Rc7+ Rd7 29. Rxd7+ Kxd7 30.
c4 Kc7 31. Kc3 Rd8 32. Rb1 h5 33. b5 Rb8 34. Kd4 Nd7 35. c5 axb5 36. Rxb5 g4 37. h4 Ne5 38. Rb6 f3 39. g3 Nd7 40. Rb5 Ne5 41. Rb6 Nd7 42.
Re6 Ra8 43. c6 bxc6 44. Rxc6+ Kd8 45. a6 Ra7 46. Re6 Rc7 47. Bc6 Ra7 48. Rd6 Rxa6 49. Rxd7+ Kc8 50. Bb7+ 1/2-1/2

[Event "FIDE World Cup 2013"]
[Site "TromsÃ¸"]
[Date "2013.08.13"]
[Round "1.4"]
[White "Movsesian, Sergei"]
[Black "Hammer, Jon Ludvig"]
[Result "1/2-1/2"]
[ECO "C65"]
[WhiteElo "2699"]
[BlackElo "2599"]
[PlyCount "192"]
[EventDate "2013.??.??"]
[EventCountry "NOR"]
[TimeControl "1500+10"]

1. e4 e5 2. Nf3 Nc6 3. Bb5 Nf6 4. d3 Bc5 5. c3 O-O 6. O-O d6 7. Nbd2 Ne7 8.
Re1 a6 9. Ba4 Ba7 10. Nf1 Ng6 11. h3 b5 12. Bc2 Bb7 13. Ng3 Re8 14. d4 d5 15. Nxe5 Nxe5 16. dxe5 Nxe4 17. Nxe4 dxe4 18. Qxd8 Raxd8 19. Bf4 e3 20. Bxe3 Bxe3 21. Rxe3 Rd2 22. Rc1 Kf8 23. Kf1 Ke7 24. Ke1 Red8 25. g4 g5 26. b4 h6 27. Bb3 c5 28. bxc5 Bc6 29. Bc2 R2d5 30. a4 Rxc5 31. axb5 axb5 32. Bf5 b4 33. e6 bxc3 34. exf7+ Kxf7 35. Rcxc3 Rxc3 36. Rxc3 Rd6 37. Ke2 Kf6 38. Rc5 Bd5 39. Bd3 Bg2 40. h4 gxh4 41. Rh5 Bf1+ 42. Kxf1 Rxd3 43. Kg2 Kg6 44. Rxh4 Rc3 45. Rh5 Rb3 46. Rc5 Ra3 47. f3 Rb3 48. Kg3 Ra3 49. Rc6+ Kg7 50.
Rb6 Rc3 51. Rb4 Kg6 52. Kf4 Ra3 53. Rb6+ Kg7 54. Re6 Ra5 55. Re5 Ra3 56. Ke4 Kf6 57. Rf5+ Kg6 58. Rd5 Ra4+ 59. Rd4 Ra5 60. f4 Kg7 61. Rd7+ Kf6 62. Rd6+ Kg7 63. Rd5 Ra7 64. Rb5 Re7+ 65. Kf3 Re1 66. Re5 Rg1 67. Re6 Ra1 68. f5 Rf1+ 69. Ke4 Ra1 70. Rg6+ Kh7 71. Kf4 Ra4+ 72. Kg3 Ra3+ 73. Kh4 Ra1 74. Rb6 Rh1+ 75. Kg3 Kg7 76. Re6 Rf1 77. Re7+ Kf6 78. Rh7 Rh1 79. Kg2 Rh4 80. Kg3 Rh1 81. Kg2 Rh4 82.
Kf3 Rh1 83. Rh8 Kg7 84. Rb8 Rf1+ 85. Kg2 Rf4 86. Kg3 Rf1 87.
Rb7+ Kf6 88. Rb6+ Kg7 89. Rc6 h5 90. Rc7+ Kf8 91. g5 Rxf5 92.
Kh4 Kg8 93. Kxh5 Rf8 94. Kh6 Ra8 95. Rg7+ Kh8 96. Rb7 Kg8 1/2-1/2

[Event "FIDE World Cup 2013"]
[Site "TromsÃ¸"]
[Date "2013.08.13"]
[Round "1.4"]
[White "Negi, Parimarjan"]
[Black "Kryvoruchko, Yuriy"]
[Result "0-1"]
[ECO "B33"]
[WhiteElo "2634"]
[BlackElo "2678"]
[PlyCount "144"]
[EventDate "2013.??.??"]
[EventCountry "NOR"]
[TimeControl "1500+10"]

1. e4 c5 2. Nf3 Nc6 3. Nc3 Nf6 4. d4 cxd4 5. Nxd4 e5 6. Ndb5 d6 7. Bg5 a6 8. Na3 b5 9. Nd5 Be7 10. Bxf6 Bxf6 11. c4 b4 12. Nc2 O-O 13. Be2 Bg5 14. Ncxb4 Nxb4 15. Nxb4 Qb6 16. Nd5 Qxb2 17. O-O Qa3 18. Bg4 Bb7 19. Qb3 Qxb3 20. axb3 a5 21. Ra2 Bd8 22. Bd7 Rb8 23. Ba4 Bxd5 24. cxd5 Rb4 25. f3 Bb6+ 26. Kh1 Rc8 27. Raa1 g6 28. Rfc1 Rb8 29. Rc6 Bc5 30. Ra6 Bb6 31. Rc1 f5 32. Rc4 Rxc4 33. bxc4 Bc5 34. Bb5 fxe4 35. fxe4 Rf8 36. g3 Rf1+ 37. Kg2 Re1 38. Rxa5 Rxe4 39. Ra2 Re1 40. Bd7 e4 41. Bg4 h5 42. Be2 Kg7 43. g4 h4 44. g5 Be3 45. c5 dxc5 46. d6 Bxg5 47. d7 Rc1 48. Bg4 Kf7 49. Rd2 Bd8 50. Rd6 Rc2+ 51. Kg1 c4 52. Re6 c3 53. Rxe4 Rd2 54. Be6+ Kf6 55. Bb3 Rb2 56. Ba4 c2 57.
Bxc2 Rxc2 58. Rxh4 Rd2 59. Rh7 Be7 60. h4 Rxd7 61. Kg2 Rd5 62.
Kf3 Ra5 63. Kg4 Ra4+ 64. Kh3 Bc5 65. h5 g5 66. Rh6+ Kf5 67. Rc6 Rh4+ 68. Kg2 Be3 69. h6 g4 70. Rc8 Rxh6 71. Rf8+ Rf6 72. Re8 Bf4 0-1

[Event "FIDE World Cup 2013"]
[Site "TromsÃ¸"]
[Date "2013.08.13"]
[Round "1.4"]
[White "Radjabov, Teimour"]
[Black "Cori, Jorge"]
[Result "1-0"]
[ECO "A06"]
[WhiteElo "2733"]
[BlackElo "2543"]
[PlyCount "75"]
[EventDate "2013.??.??"]
[EventCountry "NOR"]
[TimeControl "1500+10"]

1. Nf3 d5 2. g3 Nf6 3. Bg2 c6 4. b3 Bg4 5. Bb2 Nbd7 6. O-O e6 7. d3 Be7 8. Nbd2 O-O 9. e4 a5 10. a3 Bh5 11. Qe2 Qb8 12. Rfe1 h6 13. h3 dxe4 14. dxe4 Rd8 15. Rad1 Bg6 16. e5 Nd5 17. Nc4 Nc5 18. Nd6 Bxd6 19. exd6 Ne4 20. Rd4 Nxd6 21. Ne5 Nf5 22. Rd2 Nfe7 23. Nxg6 Nxg6 24. Be4 Nde7 25. h4 Rxd2 26. Qxd2 f6 27. Qe2 Nf8 28. Bd3 Qd6 29. Rd1 Qc7 30. Qg4 Kf7 31. Re1 Rd8 32. Bc3 b6 33. Bb2 Qd6 34. Re4 Rd7 35.
Qh5+ Neg6 36. Rd4 Qe7 37. Bxg6+ Nxg6 38. Rg4 1-0